 Dungeon Crawl Stone Soup version 0.18-a0-1685-g4482fe3 (webtiles) character file.

2577 inmateoo the Changer (level 9, -2/58 HPs)
             Began as a Felid Transmuter on Apr 4, 2016.
             Was an Elder of Makhleb.
             Splashed by Erolcha's acid (15 damage)
             ... on level 8 of the Dungeon.
             The game lasted 00:30:19 (9225 turns).

inmateoo the Changer (Felid Transmuter)             Turns: 9225, Time: 00:30:21

Health: -2/58      AC: 20    Str:  6    XL:     9   Next: 32%
Magic:  15/15      EV:  4    Int: 16    God:    Makhleb [****..]
Gold:   168        SH:  5    Dex: 18    Spells: 5 memorised, 0 levels left
                                        Lives:  0   Deaths: 2

rFire  . . .     SeeInvis +       - Unarmed
rCold  . . .     Gourm    .     (armour unavailable)
rNeg   + + +     Faith    .     (shield unavailable)
rPois  +         Spirit   .     (helmet unavailable)
rElec  .         Dismiss  .     (cloak unavailable)
rCorr  .         Reflect  +     (gloves unavailable)
SustAt .         Harm     .     (boots unavailable)
MR     +....     NoTele   +     u - +5 amulet of reflection
Stlth  ++++++....               B - ring of stealth
                                j - ring of poison resistance

@: tree-form, corroded, very slightly contaminated, invisible, somewhat
resistant to hostile enchantments, very stealthy
A: no armour, no weapons or thrown items, (claws 0), (fangs 0), see invisible,
carnivore 3, (speed 0), (shaggy fur 0), slow metabolism 1, (sharp paws)
a: Minor Destruction, Lesser Servant of Makhleb, Major Destruction, Renounce
Religion


You were on level 8 of the Dungeon.
You worshipped Makhleb.
Makhleb was greatly pleased with you.
You were completely stuffed.
You were a tree.
You visited 1 branch of the dungeon, and saw 8 of its levels.
You also visited: Ossuary.

You collected 310 gold pieces.
You spent 142 gold pieces at shops.

Inventory:

Missiles
 a - 71 arrows
 p - 9 arrows of dispersal
 C - 18 arrows of frost
Jewellery
 h - an uncursed ring of fire
 j - a ring of poison resistance (left branch)
 u - a +5 amulet of reflection (around neck)
 B - a ring of stealth (right branch)
Wands
 v - a wand of lightning (5/15)
Scrolls
 d - a scroll of magic mapping
 i - 2 scrolls of amnesia
 k - 2 scrolls of recharging
 l - 5 scrolls of teleportation
 m - 2 scrolls of remove curse
 s - a scroll of fear
 t - a scroll of holy word
 A - a scroll of identify
Potions
 e - a potion of cancellation
 f - 2 potions of brilliance
 n - a potion of magic
 w - 3 potions of invisibility
 x - a potion of might
 z - a potion of curing
Books
 b - a book of Changes

   Spells                             Type                      Level
   a - Beastly Appendage              Transmutation                1
   b - Sticks to Snakes               Transmutation                2
   c - Spider Form                    Transmutation/Poison         3
   d - Ice Form                       Ice/Transmutation            4
   e - Blade Hands                    Transmutation                5
 g - a book of the Earth

   Spells                             Type                      Level
   a - Leda's Liquefaction            Hexes/Earth                  4
   b - Bolt of Magma                  Conjuration/Fire/Earth       5
   c - Statue Form                    Transmutation/Earth          6
   d - Iron Shot                      Conjuration/Earth            6
   e - Shatter                        Earth                        9
Miscellaneous
 y - a plain deck of wonders {Dowsing}
Comestibles
 c - 5 meat rations
 q - 5 chunks of flesh
 r - 3 beef jerkies


   Skills:
 + Level 4.7 Fighting
 + Level 6.7 Dodging
 + Level 6.4 Stealth
 * Level 6.8 Unarmed Combat
 + Level 3.9 Spellcasting
 * Level 7.0 Transmutations
 * Level 4.1 Ice Magic


You couldn't memorise any spells.
You knew the following spells:

 Your Spells              Type           Power        Failure   Level  Hunger
a - Beastly Appendage     Trmt           ####..       1%          1    None
b - Sticks to Snakes      Trmt           ####....     1%          2    ##.....
c - Spider Form           Trmt/Pois      ##........   14%         3    ###....
d - Ice Form              Ice/Trmt       ###.....     17%         4    ####...
e - Blade Hands           Trmt           ####......   34%         5    ######.


Dungeon Overview and Level Annotations

Branches:
Dungeon (8/15)             Temple (0/1) D:6
   Lair: D:8-11

Altars:
Fedhas
Makhleb
Nemelex Xobeh
Qazlal
Sif Muna
Xom

Shops:
D:6 ?

Annotations:
D:8 Erolcha


Innate Abilities, Weirdness & Mutations

You cannot wear armour.
You are incapable of wielding weapons or throwing items.
((You have sharp claws.))
((You have razor-sharp teeth.))
You have supernaturally acute eyesight.
You are carnivorous and can eat meat at any time.
((You cover ground quickly.))
((You are covered in thick fur (AC +2).))
You have a slow metabolism.
((Your sharp claws are effective at attacking unaware monsters.))


Message History

Some of the chunks of flesh in your inventory have rotted away.
Drink which item? (? for menu, Esc to quit)
You warm up again.
You turn into a tree.
Your roots penetrate the ground.
Erolcha casts a spell at you. The magic dart hits you!
You smack Erolcha!
Erolcha is moderately wounded.
Erolcha points at you and mumbles some strange words.
You resist with almost no effort.
You hit Erolcha. Your punch misses Erolcha.
Erolcha is heavily wounded.
Erolcha hits you but does no damage.
You smack Erolcha!
Erolcha is severely wounded.
Erolcha zaps a wand.
Helpless, you fail to dodge the bolt of acid.
* * * LOW HITPOINT WARNING * * *
The acid corrodes you!
The acid burns!
You die...

#....#......#
#...#).####.#
#....#.####.#
##.#.#...##.###
#........##....
####..#.#......###
#.....#.##.......#
#.##.##.....##.#.#
#♣##.#####..##.#.#
.......O##.#
#....... .
##########..
.......####
######..... #.....


You could see Erolcha.

Vanquished Creatures
  Edmund (D:6)
  A water moccasin (D:6)
  2 orc warriors
  An ice beast (D:6)
  3 centaurs
  2 ogres
  5 giant frogs
  An elf zombie (Ossuary)
  3 scorpions
  A water moccasin skeleton (D:4)
  A howler monkey (D:4)
  5 centaur zombies
  4 crimson imps
  4 hounds
  2 human zombies (Ossuary)
  3 orc priests
  Crazy Yiuf (D:6)
  6 orc wizards
  2 centaur skeletons
  2 iguanas
  5 worker ants
  A big kobold zombie (Ossuary)
  A hound zombie (D:5)
  A hound skeleton (D:4)
  3 mummies (Ossuary)
  7 adders
  6 gnolls (D:5)
  2 oozes (D:3)
  3 adder zombies (Ossuary)
  2 adder skeletons
  4 worms
  3 dart slugs
  6 giant geckos
  26 orcs
  4 ball pythons
  8 bats
  6 giant cockroaches
  7 hobgoblins
  9 jackals
  3 quokkas
  8 giant newts
  7 goblins
  4 goblin zombies (Ossuary)
  A hobgoblin zombie (Ossuary)
  4 jackal zombies (Ossuary)
  5 kobolds
  5 kobold zombies (Ossuary)
  2 orc zombies (Ossuary)
  2 quokka skeletons
  4 quokka zombies (Ossuary)
  17 rats
  5 rat zombies (Ossuary)
221 creatures vanquished.

Vanquished Creatures (collateral kills)
  Sigmund (D:5)
  An orc wizard (D:5)
  A gnoll (D:5)
  An adder skeleton (D:5)
  A dart slug (D:1)
  2 goblins
  A rat (D:3)
8 creatures vanquished.

Grand Total: 229 creatures vanquished

Notes
Turn   | Place    | Note
--------------------------------------------------------------
     0 | D:1      | inmateoo the Felid Transmuter began the quest for the Orb.
     0 | D:1      | Reached XP level 1. HP: 9/9 MP: 4/4
   232 | D:1      | Reached XP level 2. HP: 6/12 MP: 3/6
   240 | D:1      | Learned a level 2 spell: Sticks to Snakes
   727 | D:1      | Reached skill level 1 in Stealth
  1200 | D:1      | Reached XP level 3. HP: 16/16 MP: 7/7
  2031 | D:2      | Reached XP level 4. HP: 19/19 MP: 6/8
  2608 | D:3      | HP: 1/20 [orc/club (4)]
  2950 | D:3      | Reached XP level 5. HP: 18/23 MP: 7/9
  3011 | D:3      | Learned a level 3 spell: Spider Form
  4156 | D:4      | Found a blossoming altar of Fedhas.
  4201 | D:4      | Reached skill level 3 in Transmutations
  4201 | D:4      | Gained mutation: You are covered in thick fur (AC +2). [Felid growth]
  4201 | D:4      | Reached XP level 6. HP: 27/27 MP: 8/10
  4218 | D:4      | Found a burning altar of Makhleb.
  4227 | D:4      | Became a worshipper of Makhleb the Destroyer
  4333 | D:4      | Slain by an ogre
  4334 | D:4      | Reached XP level 5. HP: -4/24 MP: 2/9
  4677 | D:4      | Reached XP level 6. HP: 27/27 MP: 6/10
  4964 | D:5      | Entered Level 5 of the Dungeon
  4966 | D:5      | Reached skill level 5 in Unarmed Combat
  4983 | D:5      | Reached skill level 5 in Dodging
  5032 | D:5      | Learned a level 4 spell: Ice Form
  5060 | D:5      | Reached skill level 4 in Transmutations
  5070 | D:5      | Reached * piety under Makhleb
  5224 | D:5      | Noticed Sigmund
  5254 | D:5      | Reached XP level 7. HP: 23/31 MP: 8/11
  5297 | D:5      | Found a deep blue altar of Sif Muna.
  5388 | D:5      | Found a shimmering altar of Xom.
  5416 | D:5      | Reached skill level 1 in Ice Magic
  5430 | D:5      | Killed from afar by an orc priest
  5431 | D:5      | Reached XP level 6. HP: -4/28 MP: 2/10
  5880 | D:5      | Killed Sigmund
  5880 | D:5      | Reached skill level 5 in Transmutations
  5880 | D:5      | Reached XP level 7. HP: 16/31 MP: 5/12
  6177 | D:6      | Found a stormy altar of Qazlal.
  6182 | D:6      | Found a staircase to the Ecumenical Temple.
  6235 | D:6      | Noticed Edmund
  6270 | D:6      | Reached ** piety under Makhleb
  6397 | D:6      | Reached XP level 8. HP: 25/36 MP: 10/13
  6401 | D:6      | Killed Edmund
  6401 | D:6      | Reached skill level 5 in Stealth
  6552 | D:6      | Found Duipitz's Magic Scroll Boutique.
  6564 | D:6      | Bought a scroll of identify for 22 gold pieces
  6564 | D:6      | Bought a scroll of fear for 38 gold pieces
  6564 | D:6      | Bought a scroll of holy word for 82 gold pieces
  6798 | D:6      | Reached skill level 6 in Transmutations
  6864 | D:6      | Noticed Crazy Yiuf
  6867 | D:6      | Killed Crazy Yiuf
  6907 | D:7      | Found a sand-covered staircase.
  6916 | Ossuary  | Entered an ossuary
  7001 | Ossuary  | Reached *** piety under Makhleb
  7664 | D:7      | Found a sparkling altar of Nemelex Xobeh.
  7943 | D:7      | Reached **** piety under Makhleb
  8560 | D:7      | Reached XP level 9. HP: 39/39 MP: 6/15
  8618 | D:7      | Learned a level 5 spell: Blade Hands
  8770 | D:7      | Found a deep blue altar of Sif Muna.
  9204 | D:8      | Reached skill level 7 in Transmutations
  9215 | D:8      | Noticed Erolcha
  9225 | D:8      | Splashed by Erolcha's acid

Vault maps used:
D:1:      dpeg_arrival_ratfight
D:2:      minivault_14, st_stairs_4
D:3:      hangedman_feature_mirror
D:4:      kennysheep_mini_moat, overflow_temple_1_default, first_bread,
          minmay_misc_feat_columns
D:5:      amethyst_overflow_temple_binary, uniq_sigmund
D:6:      grunt_qazlal_clouds, minmay_temple_entry_mist, serial_shops, shop,
          uniq_edmund, uniq_crazy_yiuf_cottage
D:7:      kennysheep_orc_sif_temple, nemelex_deck,
          nicolae_ossuary_entry_monument
D:8:      serial_aquarium, aquarium_bridge_square, aquarium_window_1,
          aquarium_window_1, aquarium_view_2b, aquarium_view_2f, uniq_erolcha
Ossuary:  minmay_ossuary_two_tombs

Skill      XL: |  1  2  3  4  5  6  7  8  9 |
---------------+----------------------------+-----
Dodging        | 3 4 5 6 |  6.7
Stealth        | 1 2 3 4 5 6 |  6.4
Fighting       | 2 3 4 |  4.7
Unarmed Combat | 4 5 6 |  6.8
Transmutations | 3 5 6 7 |  7.0
Ice Magic      | 2 1 3 4 |  4.1
Spellcasting   | 3 |  3.9

Action                   |  1- 3 |  4- 6 |  7- 9 || total
-------------------------+-------+-------+-------++-------
Melee: Unarmed           |   122 |   294 |   384 ||   800
 Cast: Beastly Appendage |    22 |    24 |     1 ||    47
       Sticks to Snakes  |     6 |    14 |     7 ||    27
       Spider Form       |       |    12 |    16 ||    28
       Ice Form          |       |       |     6 ||     6
 Abil: End Transformatio |       |     1 |       ||     1
Evoke: Wand              |       |       |     4 ||     4
  Use: Scroll            |       |    15 |    12 ||    27
       Potion            |       |     5 |     4 ||     9
 Stab: Sleeping          |     6 |    12 |    18 ||    36
       Distracted        |       |     2 |       ||     2
  Eat: Chunk             |     6 |    16 |    14 ||    36
